Map: Nightshade LE

Players

yamamZ - Winner!

  • Race: Zerg Zerg
  • Spawn Location: 11:00

antagomiR

  • Race: Protoss Protoss
  • League: Gold
  • Spawn Location: 5:00

VOD

Have the link to the VOD?

Description

Time

  • Played on: April 5, 2020, 5:19 p.m.
  • Length: 20:37
Show
View Real Time Build Order
Export as new Build Order

yamamZ Zerg - Winner!

Build Orders: Pool First, Brood Lord Corruptor 

Get SALT Encoding   

  12  0:01  Drone  
  13  0:13  Overlord  
  13  0:16  Drone  
  14  0:31  Drone x2  
  17  0:35  Drone  
  17  0:46  Spawning Pool  
  17  0:49  Drone  
  17  0:56  Drone  
  18  1:08  Drone  
  19  1:20  Hatchery  
  19  1:25  Drone  
  19  1:30  Drone  
  20  1:33  Extractor  
  20  1:35  Extractor, Queen  
  20  1:41  Drone  
  21  1:50  Drone  
  22  2:04  Overlord  
  22  2:14  Hatchery  
  21  2:15  Drone  
  21  2:22  Drone  
  23  2:29  Lair  
  23  2:33  Drone  
  24  2:39  Drone  
  25  2:44  Queen  
  25  2:48  Drone  
  28  2:51  Drone  
  28  2:55  Drone  
  30  2:59  Extractor, Drone  
  30  3:04  Drone  
  31  3:12  Drone x2  
  33  3:16  Extractor  
  32  3:23  Drone  
  33  3:31  Spire  
  33  3:33  Drone  
  33  3:35  Drone  
  34  3:45  Zergling x6  
  34  3:48  Drone  
  38  3:51  Drone  
  39  3:57  Drone x3  
  42  4:04  Evolution Chamber  
  42  4:08  Evolution Chamber  
  40  4:15  Infestation Pit  
  39  4:17  Overlord x2  
  39  4:22  Drone  
  39  4:23  Drone x2  
  42  4:26  Overlord x2  
  42  4:36  Drone  
  42  4:38  Overlord x2  
  43  4:47  Mutalisk x2  
  43  4:50  Mutalisk  
  49  4:55  Mutalisk  
  51  5:04  Mutalisk x2  
  55  5:07  Mutalisk  
  55  5:13  Drone  
  58  5:14  Drone x2  
  60  5:21  Drone  
  60  5:22  Drone  
  62  5:31  Mutalisk  
  62  5:32  Mutalisk x2  
  68  5:39  Mutalisk  
  70  5:55  Drone x3  
  73  6:02  Mutalisk  
  73  6:03  Mutalisk  
  77  6:20  Drone x2  
  77  6:21  Drone  
  80  6:27  Hatchery  
  80  6:30  Mutalisk x3  
  85  6:35  Mutalisk  
  87  6:40  Zergling x6  
  90  6:49  Zerg Ground Armor Level 1  
  90  6:59  Zerg Melee Weapons Level 1  
  90  7:27  Overlord x4  
  90  7:28  Overlord  
  90  7:35  Overlord x3  
  90  7:36  Overlord x2  
  90  7:46  Hive  
  90  7:48  Corruptor  
  90  7:49  Corruptor x3  
  88  8:43  Zergling x2  
  88  8:44  Zergling x14  
  88  8:45  Zergling x10  
  88  8:46  Metabolic Boost  
  101  8:53  Zergling x2  
  101  8:54  Zergling x10  
  107  9:07  Corruptor x6  
  119  9:12  Greater Spire  
  119  9:21  Hatchery  
  118  9:27  Nydus Network  
  110  10:01  Zergling x2  
  110  10:02  Zergling x8  
  115  10:17  Corruptor x4  
  115  10:18  Corruptor  
  112  10:39  Brood Lord  
  112  10:40  Brood Lord  
  110  10:50  Nydus Canal  
  110  10:51  Drone  
  110  10:52  Drone  
  112  10:58  Drone  
  112  10:59  Drone x9  
  122  11:12  Extractor x2  
  122  11:13  Drone  
  122  11:14  Drone  
  122  11:29  Zergling x8  
  122  11:30  Zergling x4  
  128  11:35  Zerg Flyer Armor Level 1  
  128  11:39  Spire  
  127  11:41  Zerg Ground Armor Level 2  
  127  11:49  Zergling x4  
  127  11:50  Zergling x14  
  127  11:52  Zerg Melee Weapons Level 2  
  136  12:05  Zergling x2  
  136  12:06  Zergling x4  
  139  12:10  Drone  
  139  12:11  Drone x2  
  142  12:17  Drone  
  142  12:18  Drone x5  
  142  12:22  Brood Lord x2  
  152  12:49  Spore Crawler  
  152  12:50  Spore Crawler  
  150  12:53  Zerg Flyer Weapons Level 1  
  150  12:54  Spore Crawler  
  149  13:03  Brood Lord x2  
  149  13:04  Brood Lord x2  
  157  13:08  Zergling x2  
  157  13:09  Zergling x22  
  157  13:12  Zergling x2  
  170  13:14  Drone  
  170  13:15  Drone x3  
  174  13:46  Corruptor  
  174  13:47  Corruptor x3  
  182  13:55  Overlord x2  
  181  13:56  Overlord x9  
  142  14:31  Corruptor  
  142  14:32  Corruptor x8  
  142  14:37  Zergling x6  
  142  14:38  Zergling x4  
  165  14:57  Overseer x5  
  165  14:58  Overseer x2  
  165  15:02  Viper  
  165  15:05  Infestor  
  170  15:15  Spine Crawler  
  170  15:18  Spine Crawler  
  159  15:33  Drone  
  159  15:34  Drone x2  
  162  15:40  Brood Lord x3  
  168  15:49  Hatchery  
  167  16:13  Hatchery  
  166  16:54  Hatchery  
  165  17:07  Drone  
  166  17:23  Drone x4  
  166  17:24  Drone x8  
  135  18:49  Zergling x12  
  135  18:50  Zergling x10  
  146  19:00  Pneumatized Carapace  
  146  19:02  Burrow  
  144  19:09  Queen  
  144  19:16  Drone  
  147  19:17  Drone x2  
  149  19:31  Extractor  
  149  19:32  Extractor  
  149  19:37  Zergling x2  
  149  19:38  Zergling x16  
  154  19:40  Hatchery  
  154  19:45  Drone x2  
Show
View Real Time Build Order
Export as new Build Order

antagomiR Protoss 

Build Orders: Carriers 

Get SALT Encoding   

  12  0:01  Probe  
  13  0:13  Probe  
  14  0:18  Pylon  
  14  0:26  Probe  
  15  0:37  Pylon  
  15  0:43  Assimilator  
  15  0:52  Pylon  
  15  0:55  Probe  
  16  1:03  Gateway  
  16  1:07  Probe  
  17  1:12  Assimilator  
  17  1:19  Probe  
  18  1:29  Forge  
  18  1:31  Probe  
  19  1:44  Probe  
  20  1:53  Cybernetics Core  
  20  1:56  Probe  
  21  2:10  Cybernetics Core  
  21  2:16  Probe  
  22  2:28  Probe  
  23  2:33  Nexus  
  23  2:40  Probe  
  24  2:47  Adept (Chrono Boost)  
  26  2:52  Pylon  
  26  2:57  Warp Gate (Chrono Boost)  
  26  3:07  Probe  
  26  3:12  Shield Battery  
  28  3:20  Probe  
  28  3:29  Gateway  
  28  3:31  Gateway  
  28  3:32  Probe  
  29  3:35  Sentry (Chrono Boost)  
  31  3:44  Probe  
  32  3:49  Probe  
  33  3:56  Probe  
  33  3:57  Photon Cannon  
  33  4:01  Probe  
  35  4:07  Robotics Facility  
  35  4:08  Probe  
  36  4:13  Probe  
  37  4:19  Sentry (Chrono Boost)  
  37  4:20  Probe  
  40  4:37  Probe  
  41  4:45  Probe  
  42  4:49  Probe  
  42  4:50  Pylon  
  43  4:57  Probe  
  43  4:59  Twilight Council  
  44  5:01  Probe  
  45  5:07  Shield Battery  
  45  5:09  Probe, Observer  
  45  5:13  Probe, Stalker  
  50  5:14  Stalker  
  50  5:15  Sentry  
  50  5:19  Protoss Ground Weapons Level 1 (Chrono Boost)  
  50  5:21  Probe  
  55  5:25  Probe  
  56  5:29  Assimilator  
  56  5:30  Observer  
  56  5:33  Probe, Assimilator  
  56  5:34  Gateway  
  58  5:37  Probe  
  58  5:39  Gateway  
  58  5:40  Pylon  
  59  5:44  Sentry  
  59  5:49  Charge (Chrono Boost)  
  61  5:59  Probe x2  
  63  6:08  Zealot x3  
  63  6:11  Probe  
  70  6:14  Pylon  
  70  6:17  Pylon  
  70  6:18  Phoenix  
  70  6:32  Probe x2  
  72  6:39  Pylon, Zealot x4  
  80  6:40  Zealot  
  80  6:44  Probe x2  
  84  6:56  Probe x2  
  84  7:00  Stalker  
  84  7:01  Stalker  
  90  7:04  Zealot x2  
  94  7:22  Photon Cannon  
  94  7:24  Photon Cannon  
  94  7:25  Photon Cannon  
  94  7:26  Photon Cannon  
  94  7:30  Photon Cannon  
  94  8:04  Probe  
  94  8:06  Probe  
  94  8:19  Pylon  
  94  8:23  Pylon  
  90  8:37  Probe x2  
  90  8:39  Stalker  
  94  8:49  Probe x2  
  94  8:52  Stalker x3  
  102  9:07  Pylon  
  102  9:09  Pylon, Nexus  
  102  9:11  Pylon  
  102  9:15  Pylon  
  102  9:25  Probe x2  
  104  9:37  Probe x2  
  88  9:46  Stalker  
  88  9:47  Stalker  
  88  9:49  Probe  
  91  9:59  Stargate, Shield Battery  
  91  10:00  Shield Battery  
  91  10:02  Photon Cannon, Stargate  
  91  10:03  Pylon, Photon Cannon  
  91  10:04  Pylon, Photon Cannon  
  91  10:07  Stalker x3  
  93  10:08  Photon Cannon  
  93  10:11  Photon Cannon  
  89  10:46  Stalker x4  
  89  10:47  Stalker  
  97  10:51  Probe x2  
  99  10:57  Probe  
  99  11:03  Probe x2  
  102  11:05  Fleet Beacon  
  102  11:09  Probe  
  103  11:15  Probe  
  104  11:30  Probe x3  
  107  11:37  Assimilator  
  107  11:39  Stargate, Assimilator  
  107  11:42  Probe x3  
  110  11:47  Protoss Ground Weapons Level 2 (Chrono Boost)  
  110  11:50  Stalker x4  
  118  11:54  Probe x3  
  118  11:59  Stalker  
  123  12:21  Zealot  
  123  12:22  Zealot x4  
  133  12:38  Gateway  
  133  12:41  Gateway  
  133  12:43  Carrier x3  
  133  12:45  Gateway  
  151  13:18  Stalker x2  
  151  13:19  Stalker x3  
  161  13:45  Zealot  
  161  14:20  Carrier  
  165  14:24  Nexus, Carrier  
  165  14:26  Pylon  
  165  14:30  Pylon  
  165  14:33  Assimilator  
  165  14:36  Assimilator  
  165  14:44  Carrier  
  171  15:02  Zealot x3  
  171  15:03  Zealot x2  
  181  15:08  Pylon  
  181  15:09  Pylon  
  181  15:26  Carrier  
  193  15:28  Carrier  
  193  15:49  Carrier  
  199  15:55  Shield Battery  
  199  16:00  Shield Battery  
  199  16:04  Shield Battery  
  199  16:07  Photon Cannon  
  199  16:10  Photon Cannon  
  199  16:15  Photon Cannon  
  199  16:30  Protoss Ground Weapons Level 3 (Chrono Boost)  
  199  16:41  Protoss Air Weapons Level 1 (Chrono Boost)  
  199  16:50  Phoenix (Chrono Boost)  
  199  16:53  Carrier x2 (Chrono Boost)  
  152  18:23  Carrier x3  
  102  18:56  Stalker x4  
  102  18:57  Stalker x3  
  102  18:58  Stalker  
  100  19:27  Carrier x3  
  118  19:33  Zealot  
  118  19:34  Zealot x3  
  118  19:35  Zealot x3  
  118  19:36  Zealot  
  132  20:05  Stalker x2  
  132  20:06  Stalker  
  132  20:07  Stalker x5  
Tags
 
League
Gold
Matchup
PvZ
Opening
Pool First
Replay Pack
20200422
Spawn Locations
Cross Positions
Add a new tag
Caveats
  • Supply blocks, unpowered buildings, or Contaminate may cause inaccurate times.
  • Supply counts are checked every 10 seconds.